 Dungeon Crawl Stone Soup version 0.31.0-12-g77e489cdc1 (webtiles) character file.

Game seed: 8081381043928732944

670 gohu the Digger (level 7, -1/36 HPs)
             Began as a Gargoyle Earth Elementalist on Feb 25, 2024.
             Was an Initiate of Sif Muna.
             Slain by Duvessa
             ... wielding a +0 rapier
              (9 damage)
             ... on level 5 of the Dungeon.
             The game lasted 00:15:19 (4754 turns).

gohu the Digger (Gargoyle Earth Elementalist)       Turns: 4754, Time: 00:15:20

Health: -1/36      AC: 14    Str: 17    XL:     7   Next: 58%
Magic:  6/10       EV: 11    Int: 18    God:    Sif Muna [......]
Gold:   334        SH:  0    Dex: 10    Spells: 6/10 levels left

rFire   . . .        p - +1 sling (drain)
rCold   . . .        (no shield)
rNeg    + . .        a - +0 robe
rPois   ∞            t - +0 helmet
rElec   +            (no cloak)
rCorr   .            k - +2 pair of gloves
SInv    .            (no boots)
Will    .....        c - amulet of faith
Stlth   ++           f - +4 ring of protection
HPRegen 0.26/turn    o - +6 ring of strength
MPRegen 0.12/turn

%: faith
@: no status effects
A: sickness immunity, AC +4, negative energy resistance 1, electricity
resistance, torment resistance 1, petrification resistance
a: Renounce Religion


You were on level 5 of the Dungeon.
You worshipped Sif Muna.
Sif Muna was noncommittal.
You visited 2 branches of the dungeon, and saw 6 of its levels.

You collected 334 gold pieces.

Inventory:

Hand Weapons
 m - a +0 dagger
 p - a +1 sling of draining (weapon)
Missiles
 h - 34 stones
 z - 4 poisoned darts
Armour
 a - a +0 robe (worn)
 j - +0 fire dragon scales
 k - a +2 pair of gloves (worn)
 l - a +0 ring mail of cold resistance
 t - a +0 helmet (worn)
 E - a +0 pair of gloves
Jewellery
 c - an amulet of faith (around neck)
 f - a +4 ring of protection (left hand)
 n - a ring of ice
 o - a +6 ring of strength (right hand)
 y - an amulet of regeneration
Wands
 u - a wand of mindburst (4)
 w - a wand of iceblast (7)
 C - a wand of polymorph (20)
Scrolls
 d - a scroll of enchant armour {unknown}
 g - a scroll of fear {unknown}
 q - a scroll of enchant weapon {unknown}
 s - a scroll of acquirement {unknown}
 v - a scroll of teleportation {unknown}
 A - a scroll of fog {unknown}
 B - 4 scrolls of identify {unknown}
Potions
 b - a potion of magic
 e - a potion of might {unknown}
 i - 3 potions of heal wounds {unknown}
 r - a potion of cancellation {unknown}
 x - a potion of berserk rage {unknown}
 D - a potion of mutation {unknown}


   Skills:
 - Level 1.5 Dodging
 - Level 2.1 Stealth
 - Level 2.0 Spellcasting
 * Level 6.7 Conjurations
 + Level 7.1 Earth Magic


You had 6 spell levels left.
You knew the following spells:

 Your Spells              Type           Power      Damage    Failure   Level
a - Sandblast             Erth           54%        2d13      1%          1
b - Stone Arrow           Conj/Erth      52%        3d10      3%          3

Your spell library contained the following spells:

 Spells                   Type           Power      Damage    Failure   Level
 Passwall                 Erth           27%        N/A       2%          3
 Sting                    Conj/Alch      56%        1d6       4%          1
 Brom's Barrelling Bould  Conj/Erth      26%        2d5       11%         4
 Apportation              Tloc           2%         N/A       19%         1
 Necrotise                Necr           4%         1d4       19%         1
 Summon Small Mammal      Summ           4%         N/A       19%         1
 Ensorcelled Hibernation  Hex/Ice        2%         N/A       26%         2
 Petrify                  Alch/Erth      14%        N/A       38%         4
 Fugue of the Fallen      Necr           1%         N/A       47%         3
 Tukima's Dance           Hex            1%         N/A       47%         3
 Anguish                  Hex/Necr       0%         N/A       87%         4
 Passage of Golubria      Tloc           1%         N/A       87%         4
 Yara's Violent Unravell  Hex/Alch       0%         3d3       99%         5


Dungeon Overview and Level Annotations

Branches:
Dungeon (5/15)             Temple (1/1) D:4

Altars:
Ashenzari
Cheibriados
Dithmenos
Elyvilon
Fedhas
Hepliaklqana
Kikubaaqudgha
Nemelex Xobeh
Okawaru
Qazlal
Ru
Sif Muna
Trog
Uskayaw
Vehumet
Wu Jian
Yredelemnul
The Shining One

Shops:
D:2 :   D:4 (

Annotations:
D:3 1 runed translucent door, Crazy Yiuf
D:5 Duvessa


Innate Abilities, Weirdness & Mutations

You are immune to sickness and miasma.
Your stone body is resilient. (AC +4)
You are immune to poison.
You resist negative energy. (rN+)
You are resistant to electric shocks. (rElec)
You are resistant to unholy torment.
You are immune to petrification.


Message History

Duvessa rages.
Aiming: Sandblast (safe; 1% risk of failure)
Press: ? - help, Q - select action, (/) - cycle Shift-Dir - straight line, f/p - Duvessa
Aim: Duvessa, wielding a +0 rapier, wearing a +0 leather armour and wearing a ring of poison resistance (berserk, 85% to hit)
The blast of sand hits Duvessa!
Duvessa is moderately wounded.
Aiming: Sandblast (safe; 1% risk of failure)
Press: ? - help, Q - select action, (/) - cycle Shift-Dir - straight line, f/p - Duvessa
Aim: Duvessa, wielding a +0 rapier, wearing a +0 leather armour and wearing a ring of poison resistance (moderately wounded, berserk, 85% to hit)
The blast of sand hits Duvessa.
Duvessa is heavily wounded.
Duvessa hits you with a +0 rapier. Duvessa hits you with a +0 rapier!
Aiming: Sandblast (safe; 1% risk of failure)
Press: ? - help, Q - select action, (/) - cycle Shift-Dir - straight line, f/p - Duvessa
Aim: Duvessa, wielding a +0 rapier, wearing a +0 leather armour and wearing a ring of poison resistance (heavily wounded, berserk, 85% to hit)
The blast of sand hits Duvessa.
Duvessa is heavily wounded.
Duvessa hits you but does no damage. Duvessa hits you with a +0 rapier!
Aiming: Sandblast (safe; 1% risk of failure)
Press: ? - help, Q - select action, (/) - cycle Shift-Dir - straight line, f/p - Duvessa
Aim: Duvessa, wielding a +0 rapier, wearing a +0 leather armour and wearing a ring of poison resistance (heavily wounded, berserk, 85% to hit)
The blast of sand hits Duvessa!
Duvessa is severely wounded.
Duvessa closely misses you. Duvessa hits you with a +0 rapier.
* * * LOW HITPOINT WARNING * * *
Duvessa hits you with a +0 rapier.
* * * LOW HITPOINT WARNING * * *
Aiming: Sandblast (safe; 1% risk of failure)
Press: ? - help, Q - select action, (/) - cycle Shift-Dir - straight line, f/p - Duvessa
Aim: Duvessa, wielding a +0 rapier, wearing a +0 leather armour and wearing a ring of poison resistance (severely wounded, berserk, 85% to hit)
The blast of sand hits Duvessa but does no damage.
Duvessa is severely wounded.
Duvessa hits you but does no damage. Duvessa barely misses you.
Okay, then.
Aiming: Mindburst
Press: ? - help, Shift-Dir - straight line, f/p - Duvessa
Aim: Duvessa, wielding a +0 rapier, wearing a +0 leather armour and wearing a ring of poison resistance (severely wounded, berserk, chance to affect: 47%) Duvessa resists with some effort.
Duvessa hits you with a +0 rapier!
You die...

####### #.....# ### ### ###
##.###.###.###.###.##
#..##...............##
###.##..##.###.###.##..#
....###.#...........#.## ....#
#...##.###@##...#
....###.#.#....e..#.#.##
....##..#...##.##...#..#
....###)#.#.#...#.#.#.## ....#
#...#... ...#..)#
#######.#.#.#...#.#.#.#########
........#...##.##...#..##.....#
......#.#.#.......#.#.###.###.###
......#...##.###.##...#.%.).....>


You could see Duvessa (berserk).

Vanquished Creatures
  An ogre (D:5)
  A centaur (D:5)
  Blork the orc (D:5)
  A kobold brigand (D:4)
  A scorpion (D:5)
  Dowan (D:5)
  A bombardier beetle (D:4)
  An orc priest (D:3)
  Ijyb (D:5)
  4 gnolls (D:4)
  3 adders
  A shadow imp (D:5)
  2 dart slugs
  5 ribbon worms
  7 orcs
  6 endoplasms
  3 giant cockroaches
  5 goblins
  10 hobgoblins
  6 kobolds
  2 quokkas
  7 ball pythons
  6 bats
  2 frilled lizards (D:1)
  13 rats
91 creatures vanquished.

Notes
Turn   | Place    | Note
-------+----------+-------------------------------------------
     0 | D:1      | gohu the Gargoyle Earth Elementalist began the quest for
                  | the Orb.
     0 | D:1      | Reached XP level 1. HP: 10/10 MP: 3/3
   165 | D:1      | Reached skill level 4 in Earth Magic
   207 | D:1      | Reached XP level 2. HP: 15/15 MP: 3/5
   894 | D:1      | Reached XP level 3. HP: 19/19 MP: 2/6
   942 | D:1      | Found a faded altar of an unknown god.
  1392 | D:2      | Found Omniucze's Book Boutique.
  1981 | D:3      | Reached skill level 5 in Earth Magic
  2053 | D:3      | Learned a level 3 spell: Stone Arrow
  2078 | D:3      | Reached XP level 4. HP: 24/24 MP: 4/7
  2701 | D:3      | Reached XP level 5. HP: 28/28 MP: 3/8
  2777 | D:3      | Identified the +1 chain mail "Qedeo" {rElec}
  3143 | D:3      | Found a runed translucent door.
  3144 | D:3      | Noticed Crazy Yiuf
  3301 | D:4      | Found Tausooja's Weapon Shop.
  3574 | D:4      | Noticed a kobold brigand
  3590 | D:4      | Killed a kobold brigand
  3591 | D:4      | Reached skill level 6 in Earth Magic
  3591 | D:4      | Reached XP level 6. HP: 32/32 MP: 6/9
  3671 | D:4      | Reached skill level 5 in Conjurations
  3845 | D:4      | Found a staircase to the Ecumenical Temple.
  3852 | Temple   | Entered the Ecumenical Temple
  3874 | Temple   | Became a worshipper of Sif Muna the Loreminder
  3948 | D:5      | Entered Level 5 of the Dungeon
  4166 | D:5      | Noticed Ijyb
  4171 | D:5      | Noticed an ice beast
  4340 | D:5      | Reached XP level 7. HP: 36/36 MP: 0/10
  4482 | D:5      | Noticed Duvessa
  4482 | D:5      | Noticed Dowan
  4500 | D:5      | Killed Ijyb
  4502 | D:5      | Killed Dowan
  4503 | D:5      | Reached skill level 7 in Earth Magic
  4585 | D:5      | Noticed Blork the orc
  4592 | D:5      | Killed Blork the orc
  4682 | D:5      | Found a broken altar of Ashenzari.
  4682 | D:5      | Found a stormy altar of Qazlal.
  4682 | D:5      | Found a basalt altar of Yredelemnul.
  4682 | D:5      | Found a radiant altar of Vehumet.
  4683 | D:5      | Found a bloodstained altar of Trog.
  4683 | D:5      | Found a snail-covered altar of Cheibriados.
  4684 | D:5      | Found a blossoming altar of Fedhas.
  4684 | D:5      | Found a glowing golden altar of the Shining One.
  4684 | D:5      | Found an ancient bone altar of Kikubaaqudgha.
  4754 | D:5      | Slain by Duvessa

Illustrated notes

Levels and vault maps discovered:
D:1:      reono_arrival_forest_river, layout_loops_corners,
          shapermc_ecumenical_altar_gd
D:2:      layout_rooms, serial_shops, nicolae_shop_waterfront, serial_aquarium,
          aquarium_bridge_straight [aquarium_subvault_bridge,
          aquarium_subvault_window, aquarium_subvault_bridge,
          aquarium_subvault_balcony], aquarium_window_1, aquarium_window_double,
          aquarium_window_corner, aquarium_window_2, aquarium_view_2d,
          aquarium_balcony_5a, chequers_serial_rivers_large_b
D:3:      minmay_angry_zag, layout_basic, dreamdust_wishing_well,
          uniq_crazy_yiuf_cottage
D:4:      layout_basic, minmay_temple_entry_mini_moons, serial_shops,
          nicolae_shop_bloodbath_and_beyond
D:5:      layout_basic, nicolae_overflows_in_rows,
          nicolae_concentric_dashed_squares_mild, uniq_blork_the_orc, uniq_ijyb,
          uniq_duvessa, uniq_menkaure
Temple:   chequers_temple_sunken

Skill      XL: |  1  2  3  4  5  6  7 |
---------------+----------------------+-----
Earth Magic    | 4 5 6 7 |  7.1
Conjurations   | 2 3 4 6 |  6.7
Dodging        | |  1.5
Stealth        | |  2.1
Spellcasting   | |  2.0

Action                     |  1- 3 |  4- 6 |  7- 9 || total
---------------------------+-------+-------+-------++-------
  Melee: Unarmed           |       |       |     6 ||     6
   Fire: Sling             |    10 |    29 |     2 ||    41
   Cast: Sandblast         |    51 |    77 |     9 ||   137
         Stone Arrow       |       |     3 |     6 ||     9
  Evoke: Wand              |       |       |     3 ||     3
 Armour: Robe              |    11 |    10 |    11 ||    32
         Skin              |       |     1 |     2 ||     3
  Dodge: Dodged            |     9 |    17 |     9 ||    35
